 Dungeon Crawl Stone Soup version 0.23-a0-109-g5e4b187 (webtiles) character file.

9 Amnesiac the Gusty (level 2, -2/19 HPs)
             Began as a Mummy Air Elementalist on Aug 22, 2018.
             Slain by a scorpion (8 damage)
             ... on level 3 of the Dungeon.
             The game lasted 00:04:41 (677 turns).

Amnesiac the Gusty (Mummy Air Elementalist)          Turns: 677, Time: 00:04:41

Health: -2/19      AC:  2    Str: 11    XL:     2   Next: 3%
Magic:  4/5        EV: 12    Int: 14    God:
Gold:   14         SH:  0    Dex: 12    Spells: 3/6 levels left

rFire    x . .     SeeInvis .   (no weapon)
rCold    + . .     Gourm    .   (no shield)
rNeg     + + +     Faith    .   a - +0 robe
rPois    ∞         Spirit   .   (no helmet)
rElec    .         Reflect  .   (no cloak)
rCorr    .         Harm     .   (no gloves)
MR       .....                  (no boots)
Stlth    ++........             (no amulet)
HPRegen  0.06/turn              (no ring)
MPRegen  0.09/turn              (no ring)

@: no status effects
A: no food or potions, fire vulnerability, cold resistance 1, negative energy
resistance 3, torment resistance, unbreathing
a: no special abilities


You were on level 3 of the Dungeon.
You were not hungry.

You visited 1 branch of the dungeon, and saw 4 of its levels.

You collected 14 gold pieces.

Inventory:

Armour
 a - a +0 robe (worn)


   Skills:
 - Level 1.5 Dodging
 - Level 1.5 Stealth
 + Level 2.8 Spellcasting
 - Level 0.7 Conjurations
 * Level 2.9 Air Magic


You had 3 spell levels left.
You knew the following spells:

 Your Spells              Type           Power        Failure   Level  Hunger
a - Shock                 Conj/Air       #...         11%         1    N/A
z - Swiftness             Chrm/Air       #.......     19%         2    N/A

Your spell library contained the following spells:

 Spells                   Type           Power        Failure   Level  Hunger
 Static Discharge         Conj/Air       #.......     30%         3    N/A
 Airstrike                Air            ##........   54%         4    N/A
 Lightning Bolt           Conj/Air       #.........   96%         5    N/A

Dungeon Overview and Level Annotations

Branches:
Dungeon (4/15)
 Temple: D:4-7

Altars:

Annotations:
D:3 Sigmund


Innate Abilities, Weirdness & Mutations

You do not eat or drink.
Your flesh is vulnerable to fire.
You are immune to poison.
Your flesh is cold resistant. (rC+)
You are immune to negative energy. (rN+++)
You are immune to unholy pain and torment.
You can survive without breathing.


Message History

A hobgoblin comes into view. It is wielding a club.
The hobgoblin shouts!
There is an escape hatch in the ceiling here.
There is a stone staircase leading down here.
You climb downwards.
Found 14 gold pieces.
There is a stone staircase leading up here.
Okay, then.
Sigmund the Dreaded comes into view.
He is wielding a scythe.
Unknown command.
You now have 14 gold pieces.
Found a stone staircase leading down.
Found a stone staircase leading up.
There is a stone staircase leading down here.
You climb downwards.
A scorpion comes into view.
There is a stone staircase leading up here.
Casting: Shock (safe; 11% risk of failure)
Confirm with . or Enter, or press ? or * to list all spells.
Aiming: Shock (safe; 11% risk of failure)
Press: ? - help, Shift-Dir - straight line, f - scorpion
Aim: a scorpion (resting)
The zap hits the scorpion.
The scorpion is moderately wounded.
Casting: Shock (safe; 11% risk of failure)
Confirm with . or Enter, or press ? or * to list all spells.
Aiming: Shock (safe; 11% risk of failure)
Press: ? - help, Shift-Dir - straight line, f/p - scorpion
Aim: a scorpion (moderately wounded)
The zap hits the scorpion.
The scorpion is moderately wounded.
Casting: Shock (safe; 11% risk of failure)
Confirm with . or Enter, or press ? or * to list all spells.
Aiming: Shock (safe; 11% risk of failure)
Press: ? - help, Shift-Dir - straight line, f/p - scorpion
Aim: a scorpion (moderately wounded)
The zap hits the scorpion.
The scorpion appears unharmed.
The scorpion is moderately wounded.
You climb upwards.
Level annotation: Sigmund
There is a stone staircase leading down here.
Save game and exit? [Y]es or [N]o only, please.
Save game and exit?
Okay, then.
You can't go up here!
Found a green potion.
There is a stone staircase leading up here.
You climb upwards.
There is a stone staircase leading down here.
You climb downwards.
Level annotation: Sigmund
There is a stone staircase leading up here.
Magic restored.
There is a stone staircase leading down here.
You climb downwards.
The scorpion stings you!
There is a stone staircase leading up here.
The scorpion stings you.
* * * LOW HITPOINT WARNING * * *
You climb upwards.
Level annotation: Sigmund
There is a stone staircase leading down here.
The scorpion stings you!
You die...

#.# #..# # #.#
#<.## #######.#
#........
#.......#
##..#.###
#.#####.# #.#.#
#.# #.#.#
#.#####.#.###
#.s.........#..
#@####.........
#.# #.<.......
#.# #.##.#.#.#
#.. .... # #
#.####.# #..
..# #.# !.# #.#
#..# #..


You could see a scorpion.

Vanquished Creatures
  2 giant cockroaches (D:2)
  A goblin (D:2)
  A hobgoblin (D:2)
  2 bats (D:2)
  A frilled lizard (D:2)
  2 rats (D:2)
9 creatures vanquished.

Notes
Turn   | Place    | Note
-------+----------+-------------------------------------------
     0 | D:1      | Amnesiac the Mummy Air Elementalist began the quest for the Orb.
     0 | D:1      | Reached XP level 1. HP: 13/13 MP: 4/4
     0 | D:1      | Noticed a jelly
   469 | D:2      | Reached XP level 2. HP: 15/19 MP: 3/5
   473 | D:2      | Learned a level 2 spell: Swiftness
   627 | D:3      | Noticed Sigmund
   651 | D:4      | Noticed a scorpion
   677 | D:3      | Slain by a scorpion

Vault maps used:
D:1:      dpeg_arrival_caged_fury
D:2:      lemuel_zombie_altar_yredelemnul, uniq_jessica
D:3:      first_ration, gammafunk_ghost_stat_death, st_stairs_12,
          lemuel_blue_sif_altar, uniq_sigmund, uniq_terence
D:4:      temple_pool_b

Action                   || total
-------------------------++-------
Melee: Unarmed           ||    15
 Cast: Shock             ||    27
Armor: Robe              ||     3
Dodge: Dodged            ||    12

Table legend:
 A = Non-vault XP
 B = Vault XP
 C = Vault XP percentage of total XP
 D = Non-vault monster count
 E = Vault monster count
 F = Vault count percentage of total count
                 A         B        C        D         E       F
            +---------+---------+-------+---------+---------+-------
      Total |      13 |       0 |   0.0 |       9 |       0 |   0.0
            +---------+---------+-------+---------+---------+-------
        D:2 |      13 |       0 |   0.0 |       9 |       0 |   0.0
            +---------+---------+-------+---------+---------+-------
